AoeStats
← ElDarko

Arabia

509936643Analyzed
1v1 RM · 3d ago on Sep 28, 2026· 106m 1s· 2 players
Game mode
Random Map
Map size
Tiny (2 player)
Population
200
Speed
Normal
Resources
Standard
Victory
Conquest
Starting age
Dark Age
Ending age
Imperial Age
RankedLock teamsTeams togetherTeam positionsShared explorationLock speedFull tech treeHidden civsTurbo modeCheats
Victory
Defeat
🇫🇷 Japanese · France
480
+13
🇦🇷 Magyars · Argentina
411
-13
ElDarko
10:59 Feudal Age
9:16 Loom
24:45 Castle Age
26:24 Elite Skirmisher
31:13 Imperial Age
28:50 Stone Mining
29:10 Padded Archer Armor
29:01 Fletching
29:17 Scale Barding Armor
29:23 Husbandry
30:47 Ballistics
29:57 Pikeman
35:42 Horse Collar
36:41 Bloodlines
36:43 Recurve Bow
38:52 Corvinian Army
44:31 Parthian Tactics
43:27 Heavy Cavalry Archer
48:24 Wheelbarrow
50:21 Elite Magyar Huszar
60:45 Leather Archer Armor
60:26 Bodkin Arrow
60:53 Chain Barding Armor
60:35 Scale Mail Armor
62:00 Double-Bit Axe
70:03 Chemistry
69:36 Ring Archer Armor
69:31 Bow Saw
77:13 Two-Man Saw
77:07 Thumb Ring
77:59 Gold Mining
78:55 Heavy Plow
79:34 Gold Shaft Mining
Asylus
12:49 Feudal Age
11:28 Loom
17:06 Castle Age
15:24 Double-Bit Axe
16:42 Scale Mail Armor
20:30 Pikeman
21:12 Squires
23:11 Gold Mining
26:43 Stone Mining
27:29 Gold Shaft Mining
27:35 Gold Shaft Mining
27:13 Bow Saw
26:47 Horse Collar
29:52 Heavy Plow
32:58 Elite Skirmisher
37:00 Imperial Age
34:16 Man-at-Arms
34:44 Gambesons
37:30 Wheelbarrow
37:44 Wheelbarrow
38:22 Long Swordsman
38:23 Halberdier
45:45 Thumb Ring
46:03 Chain Mail Armor
45:59 Forging
45:50 Padded Archer Armor
45:40 Fletching
46:13 Hand Cart
46:23 Kataparuto
48:12 Two-Man Saw
55:42 Chemistry
56:08 Plate Mail Armor
56:14 Iron Casting
55:55 Leather Archer Armor
55:35 Bodkin Arrow
58:01 Ballistics
58:00 Siege Engineers
57:53 Murder Holes
60:16 Ring Archer Armor
59:47 Bracer
60:48 Blast Furnace
60:55 Conscription
60:49 Masonry
Connection lost

Rejoining the realm…

Still unreachable

The connection could not be restored.

Session expired

The server has moved on; the page needs a fresh start.